 Dungeon Crawl Stone Soup version 0.18.1-48-g4cf74bf (webtiles) character file.

4374 Lennu the Blocker (level 10, -4/88 HPs)
             Began as a Formicid Fighter on June 27, 2016.
             Was a Follower of the Shining One.
             Splashed by a brown ugly thing's acid (7 damage)
             ... on level 8 of the Dungeon.
             The game lasted 00:49:18 (6912 turns).

Lennu the Blocker (Formicid Fighter)                Turns: 6912, Time: 00:49:18

Health: -4/88      AC: -8    Str: 28    XL:     10   Next: 60%
Magic:  3/3        EV: 12    Int:  9    God:    the Shining One [*.....]
Gold:   393        SH: 12    Dex: 10    Spells: 0 memorised, 9 levels left

rFire  . . .     SeeInvis +     v - +2 dire flail (antimagic)
rCold  + + .     Gourm    .     b - +0 scale mail
rNeg   . . .     Faith    .     c - +0 shield
rPois  .         Spirit   .     (helmet unavailable)
rElec  .         Dismiss  .     (no cloak)
rCorr  .         Reflect  .     J - +0 pair of gloves
SustAt .         Harm     .     p - +2 pair of boots
MR     +....                    (no amulet)
Stlth  ..........               (no ring)
                                x - ring of protection from cold

@: mighty, corroded, glowing, somewhat resistant to hostile enchantments,
extremely unstealthy
A: permanent stasis, dig shafts and tunnels, four strong arms, antennae 3,
yellow scales 1, cold resistance 1, deformed body, sense surroundings 1, robust
1, wild magic 1
a: Dig, Shaft Self, Renounce Religion


You were on level 8 of the Dungeon.
You worshipped the Shining One.
The Shining One was aware of your devotion.
You were not hungry.

You visited 1 branch of the dungeon, and saw 8 of its levels.

You collected 393 gold pieces.

Inventory:

Hand Weapons
 a - a +0 flail
 m - a +0 whip of freezing
 q - a +0 dire flail
 v - a +2 antimagic dire flail (weapon)
 H - a +2 whip of flaming
Armour
 b - a +0 scale mail (worn)
 c - a +0 shield (worn)
 p - a +2 pair of boots (worn)
 J - a +0 pair of gloves (worn)
Jewellery
 x - a ring of protection from cold (left hand)
Wands
 k - a wand of flame (16/48)
 u - a wand of acid (6/15)
 y - a wand of slowing (33/48)
 G - a wand of confusion (38/48)
 I - a wand of paralysis (10/24)
Scrolls
 e - a scroll of magic mapping
 h - 4 scrolls of remove curse
 j - 4 scrolls of identify {unknown}
 l - a scroll of noise {unknown}
 n - 2 scrolls of recharging {unknown}
 o - 2 scrolls of immolation {unknown}
 r - a scroll of fear {unknown}
 w - a scroll of enchant weapon {unknown}
 F - a scroll of brand weapon {unknown}
Potions
 d - a potion of might
 i - a potion of mutation {unknown}
 A - a potion of brilliance {unknown}
 B - 2 potions of lignification {unknown}
 C - 2 potions of curing
 E - a potion of agility {unknown}
Books
 s - a book of Unlife

   Spells                             Type                      Level
   a - Recall                         Summoning/Translocation      3
   b - Animate Dead                   Necromancy                   4
   c - Control Undead                 Necromancy                   4
   d - Cigotuvi's Embrace             Necromancy                   5
   e - Death Channel                  Necromancy                   6
   f - Simulacrum                     Ice/Necromancy               6
Comestibles
 f - 7 bread rations
 g - 3 beef jerkies
 t - a meat ration
 z - 8 slices of pizza
 K - 11 chunks of flesh


   Skills:
 * Level 8.1 Fighting
 * Level 7.6 Maces & Flails
 + Level 4.7 Throwing
 * Level 8.1 Armour
 * Level 6.0 Dodging
 * Level 9.4 Shields


You had 9 spell levels left.
You didn't know any spells.

Dungeon Overview and Level Annotations

Branches:
Dungeon (8/15)             Temple (0/1) D:4
   Lair: D:8-11

Altars:
Cheibriados
Elyvilon
Okawaru
Pakellas
Ru
Sif Muna
Trog
Vehumet
Xom
Yredelemnul
The Shining One

Shops:
D:4 [   D:7 :


Innate Abilities, Weirdness & Mutations

You are under a permanent stasis effect.
You can dig through walls and to a lower floor.
Your four strong arms can wield two-handed weapons with a shield.
You have a pair of large antennae on your head (SInv).
You are partially covered in yellow scales (AC +2).
Your flesh is cold resistant.
Armour fits poorly on your strangely shaped body.
You passively map a small area around you.
You are robust (+10% HP).
Your spells are a little harder to cast, but a little more powerful.


Message History

* * * LOW HITPOINT WARNING * * *
You block the brown ugly thing's attack.
Drink which item? (? for menu, Esc to quit)
You feel better.
You block the brown ugly thing's attack.
The brown ugly thing stings you!
* * * LOW HITPOINT WARNING * * *
You are splashed with acid!
The acid corrodes you!
The acid burns!
* * * LOW HITPOINT WARNING * * *
Press: ? - help, v - describe, . - travel
Here: a brown ugly thing (lightly wounded, haloed)
The floor.
Press: ? - help, v - describe, . - travel The floor, spattered with blood.
This square is lit by a halo.
Are you sure you want to shaft yourself?
You feel somewhat more hungry. The brown ugly thing stings you!
* * * LOW HITPOINT WARNING * * *
You are splashed with acid!
The acid burns!
You die...

#.....## ##.# #.# #.#*
##.....###.## #.# #.# ##...#.#.##
#.# #.##### ##.###...#
#.#####...... * #.# ###.#
#........#### #.# #.# #..#####.#
# #.#####.#####..# ###.####
#...(..........###..†..##
#############..u@..............##
..............#.######.#####)###.
###############.######.# #.....##
#........# #.....# ##########
###'#### #.....#. #.(...'.
#######. #.# #.


You could see a brown ugly thing.

Vanquished Creatures
  Pikel (D:7)
  The ghost of cutebanana the Destroyer, a novice DECj (D:4)
  2 yaks (D:8)
  A hog (D:8)
  A human (D:8)
  Menkaure (D:6)
  Edmund (D:4)
  2 ice beasts
  2 orc warriors
  3 sky beasts
  3 ogres
  2 centaurs (D:5)
  Blork the orc (D:4)
  2 giant frogs
  2 scorpions (D:6)
  5 killer bees (D:8)
  4 wights (D:6)
  3 howler monkeys
  A wasp zombie (D:5)
  A crimson imp (D:6)
  3 hounds
  A giant frog skeleton (D:8)
  2 jellies
  3 orc priests
  7 orc wizards
  A centaur skeleton (D:7)
  2 worker ants (D:6)
  A sheep (D:8)
  2 hound skeletons
  2 worker ant zombies
  3 gnolls (D:4)
  7 adders
  A shadow imp (D:7)
  2 oozes
  An adder skeleton (D:6)
  2 adder zombies
  2 worms
  4 dart slugs
  5 giant geckos
  21 orcs
  2 giant cockroaches
  2 goblins (D:1)
  9 hobgoblins
  13 jackals
  8 quokkas
  3 ball pythons
  4 bats
  4 giant newts
  7 kobolds
  A quokka zombie (D:8)
  4 rats
  A fungus (D:1)
169 creatures vanquished.

Vanquished Creatures (others)
  A sky beast (D:5)
1 creature vanquished.

Grand Total: 170 creatures vanquished

Notes
Turn   | Place    | Note
--------------------------------------------------------------
     0 | D:1      | Lennu the Formicid Fighter began the quest for the Orb.
     0 | D:1      | Reached XP level 1. HP: 18/18 MP: 1/1
   275 | D:1      | Reached XP level 2. HP: 23/24 MP: 2/2
   471 | D:1      | Reached skill level 4 in Shields
   471 | D:1      | Reached XP level 3. HP: 25/29 MP: 3/3
   978 | D:2      | Found a sacrificial altar of Ru.
  1138 | D:2      | Found an iron altar of Okawaru.
  1274 | D:2      | Reached XP level 4. HP: 30/37 MP: 4/4
  1570 | D:3      | Reached skill level 5 in Maces & Flails
  1570 | D:3      | Reached skill level 7 in Shields
  1570 | D:3      | Reached XP level 5. HP: 4/47 MP: 5/5
  1965 | D:3      | Found a snail-covered altar of Cheibriados.
  1973 | D:3      | Reached XP level 6. HP: 53/53 MP: 6/6
  2564 | D:4      | Found Ishryagu's Armour Emporium.
  2822 | D:4      | Noticed Blork the orc
  2851 | D:4      | Killed Blork the orc
  3044 | D:4      | Noticed an ogre
  3053 | D:4      | Killed an ogre
  3053 | D:4      | Reached XP level 7. HP: 59/59 MP: 7/7
  3118 | D:4      | Noticed cutebanana's ghost (novice DECj)
  3123 | D:4      | Noticed Edmund
  3136 | D:4      | Killed cutebanana's ghost
  3161 | D:4      | Killed Edmund
  3161 | D:4      | Reached XP level 8. HP: 39/65 MP: 8/8
  3172 | D:4      | Found a basalt altar of Yredelemnul.
  3512 | D:4      | Found a staircase to the Ecumenical Temple.
  3626 | D:5      | Entered Level 5 of the Dungeon
  3696 | D:5      | Found a deep blue altar of Sif Muna.
  3870 | D:5      | Gained mutation: You passively map a small area around you. [mutagenic meat]
  3871 | D:5      | Gained mutation: Your spells are a little harder to cast, but a little more powerful. [mutagenic meat]
  3872 | D:5      | Gained mutation: Your flesh is cold resistant. [mutagenic meat]
  3873 | D:5      | Gained mutation: Armour fits poorly on your strangely shaped body. [mutagenic meat]
  3874 | D:5      | Gained mutation: You are robust (+10% HP). [mutagenic meat]
  3933 | D:5      | Found a bloodstained altar of Trog.
  3968 | D:5      | Reached skill level 8 in Shields
  4000 | D:5      | Found a glowing golden altar of the Shining One.
  4006 | D:5      | Became a worshipper of the Shining One
  4148 | D:5      | Reached skill level 5 in Dodging
  4148 | D:5      | Reached XP level 9. HP: 71/79 MP: 9/9
  4491 | D:6      | Found a radiant altar of Vehumet.
  4492 | D:6      | Found a shimmering altar of Xom.
  4497 | D:6      | Noticed Menkaure
  4501 | D:6      | Killed Menkaure
  5061 | D:6      | Reached * piety under the Shining One
  5887 | D:7      | Gained mutation: You are partially covered in yellow scales (AC +2). [mutagenic meat]
  5903 | D:7      | Noticed Pikel
  5916 | D:7      | Killed Pikel
  5916 | D:7      | Reached skill level 9 in Shields
  5916 | D:7      | Reached XP level 10. HP: 88/88 MP: 3/10
  5917 | D:7      | Found a white marble altar of Elyvilon.
  5952 | D:7      | Found Ceuch's Book Emporium.
  6186 | D:8      | Found an oddly glowing altar of Pakellas.
  6885 | D:8      | Noticed a brown ugly thing
  6912 | D:8      | HP: 3/88 [brown ugly thing (7)]
  6912 | D:8      | Splashed by a brown ugly thing's acid

Skill      XL: |  1  2  3  4  5  6  7  8  9 10 |
---------------+-------------------------------+-----
Shields        | 4 7 8 9 |  9.4
Fighting       | 6 7 8 |  8.1
Maces & Flails | 5 6 7 |  7.6
Throwing       | 4 |  4.7
Armour         | 6 7 8 |  8.1
Dodging        | 4 5 6 |  6.0

Action                   |  1- 3 |  4- 6 |  7- 9 | 10-12 || total
-------------------------+-------+-------+-------+-------++-------
Melee: Flail             |    58 |       |       |       ||    58
       Whip              |    49 |   155 |   160 |       ||   364
       Dire flail        |       |       |   208 |   104 ||   312
Throw: Tomahawk          |       |       |    18 |       ||    18
 Abil: Dig               |     1 |       |       |     1 ||     2
       Shaft Self        |       |       |       |     1 ||     1
  Use: Potion            |       |     5 |     2 |     3 ||    10
       Scroll            |       |       |     2 |       ||     2
  Eat: Bread ration      |     1 |       |       |       ||     1
       Chunk             |       |     3 |    13 |     2 ||    18
       Royal jelly       |       |       |     1 |       ||     1
       Pizza             |       |       |     1 |       ||     1
       Beef jerky        |       |       |       |     1 ||     1
Armor: Scale mail        |    37 |    33 |    88 |    15 ||   173
Dodge: Dodged            |    43 |    40 |   115 |    35 ||   233
Block: Shield            |    51 |    58 |   193 |    54 ||   356
